 Dungeon Crawl Stone Soup version 0.31-a0-1074-g0b22e4e0f1 (webtiles) character file.

Game seed: 5812597406832862178

387004 RBrandon the Brawler (level 22, -5/205 HPs)
             Began as a Ghoul Warper on Nov 28, 2023.
             Was the Champion of Makhleb.
             Slain by an ettin
             ... wielding a +0 dire flail
              (8 damage)
             ... on level 1 of the Depths.
             The game lasted 02:47:32 (50732 turns).

RBrandon the Brawler (Ghoul Warper)                Turns: 50732, Time: 02:47:33

Health: -5/205     AC: 37    Str: 24    XL:     22   Next: 64%
Magic:  30/30      EV: 17    Int: 14    God:    Makhleb [******]
Gold:   2098       SH: 11    Dex:  8    Spells: 3/31 levels left

rFire   . .          .
                       - Unarmed
rCold   + + +        d - +0 kite shield {AC+3}
rNeg    + + +        I - +8 ice dragon scales
rPois   ∞            M - +4 helmet "Reeruakk" {SInv}
rElec   .            m - +1 cloak
rCorr   .            (no gloves)
SInv    +            x - +2 pair of boots {Fly}
Will    +....        l - amulet of faith Stlth
                     j - +5 ring of evasion
HPRegen 0.00/turn    q - ring of protection from fire
MPRegen 0.22/turn

%: faith
@: flying, inhibited regen, slowed, studying Staves, very slow
A: claws 1, cold resistance 1, negative energy resistance 3, inhibited
regeneration, torment resistance 2, devour on kill
}: 3/15 runes: decaying, serpentine, slimy
a: Renounce Religion, Minor Destruction, Lesser Servant of Makhleb, Major
Destruction, Greater Servant of Makhleb


You were on level 1 of the Depths.
You worshipped Makhleb.
Makhleb was exalted by your worship.
You visited 8 branches of the dungeon, and saw 40 of its levels.
You visited 1 bazaar.
You also visited: Bailey, Gauntlet, Ice Cave and Desolation.

You collected 5444 gold pieces.
You spent 3346 gold pieces at shops.

Inventory:

Missiles
 c - 13 darts of dispersal (quivered)
 w - 4 throwing nets
 H - 17 curare-tipped darts
Armour
 d - a +0 kite shield of protection (worn)
   (You took it off a naga warrior on level 4 of the Snake Pit)
 m - a +1 cloak (worn)
 x - a +2 pair of boots of flying (worn)
   (You found it on level 5 of the Pits of Slime)
 y - an orb of mayhem
   (You found it on level 5 of the Lair of Beasts)
 I - +8 ice dragon scales (worn)
 M - the +4 helmet "Reeruakk" (worn) {SInv}
   (You found it in a Gauntlet)

   SInv:      It lets you see invisible.
Jewellery
 f - a +4 ring of protection
 j - a +5 ring of evasion (left claw)
 l - an amulet of faith (around neck)
 q - a ring of protection from fire (right claw)
 v - a +6 ring of strength
 F - the ring of Edoe {Str+6 Dex+4 Slay+6}
   (You took it off a ragged hierophant in the Desolation of Salt)

   [ring of strength]

   Str+6:     It affects your strength (+6).
   Dex+4:     It affects your dexterity (+4).
   Slay+6:    It affects your accuracy & damage with ranged weapons and melee
   (+6).
 G - a ring of protection from fire
 Q - an amulet of regeneration
Wands
 a - a wand of polymorph (18)
 e - a wand of light (29)
 n - a wand of roots (24)
 A - a wand of charming (45)
 N - a wand of digging (16)
 S - a wand of mindburst (30)
Scrolls
 b - a scroll of blinking
 g - 3 scrolls of fog
 i - 4 scrolls of revelation
 o - 3 scrolls of torment
 p - 7 scrolls of fear
 r - 8 scrolls of amnesia
 s - 13 scrolls of teleportation
 C - 2 scrolls of silence
 E - 8 scrolls of identify
 L - a scroll of acquirement
 O - 4 scrolls of vulnerability
 P - a scroll of summoning
 V - 5 scrolls of poison
 X - a scroll of immolation
Potions
 k - 6 potions of curing
 t - 5 potions of haste
 u - 9 potions of might
 z - 5 potions of brilliance
 J - 5 potions of ambrosia
 K - a potion of invisibility
 R - a potion of enlightenment
 U - 5 potions of attraction
 Y - a potion of heal wounds
 Z - 2 potions of magic
Miscellaneous
 h - a phial of floods
 B - a lightning rod (4/4)
 D - a phantom mirror (inert)
 T - a sack of spiders
 W - a tin of tremorstones (inert)


   Skills:
 - Level 19.1 Fighting
 - Level 0.9 Throwing
 - Level 14.3 Armour
 - Level 10.5 Dodging
 - Level 12.3 Shields
 - Level 20.2 Unarmed Combat
 - Level 5.3 Spellcasting
 + Level 13.6 Translocations
 - Level 7.0 Air Magic
 - Level 12.0 Invocations
 - Level 9.2 Evocations


You had 3 spell levels left.
You knew the following spells:

 Your Spells              Type           Power      Damage    Failure   Level
a - Blink                 Tloc           82%        N/A       1%          2
b - Lesser Beckoning      Tloc           82%        N/A       1%          2
c - Teleport Other        Tloc           41%        N/A       1%          3
d - Manifold Assault      Tloc           41%        N/A       2%          4
e - Vhi's Electric Charg  Tloc/Air       64%        N/A       9%          4
f - Passage of Golubria   Tloc           41%        N/A       2%          4
g - Volatile Blastmotes   Fire/Tloc      44%        2d13      11%         3
h - Dispersal             Tloc           20%        N/A       34%         6

Your spell library contained the following spells:

 Spells                   Type           Power      Damage    Failure   Level
 Apportation              Tloc           82%        N/A       1%          1
 Gell's Gravitas          Tloc           41%        N/A       1%          3
 Swiftness                Air            23%        N/A       10%         3
 Static Discharge         Conj/Air       26%        3-5/arc   22%         2
 Cigotuvi's Dreadful Rot  Necr/Pois/Air  20%        N/A       34%         2
 Freeze                   Ice            12%        1d3       52%         1
 Magic Dart               Conj           12%        1d3       52%         1
 Necrotise                Necr           12%        1d4       52%         1
 Sandblast                Erth           6%         2d5       52%         1
 Slow                     Hex            12%        N/A       52%         1
 Sting                    Tmut/Pois      12%        1d3       52%         1
 Summon Small Mammal      Summ           12%        N/A       52%         1
 Mephitic Cloud           Conj/Pois/Air  10%        N/A       56%         3
 Call Imp                 Summ           6%         N/A       67%         2
 Ensorcelled Hibernation  Hex/Ice        6%         N/A       67%         2
 Passwall                 Tmut/Erth      2%         N/A       67%         2
 Scorch                   Fire           6%         2d5       67%         2
 Confusing Touch          Hex            3%         N/A       88%         3
 Hailstorm                Conj/Ice       3%         3d3       88%         3
 Ignite Poison            Fire/Tmut/Pois 3%         N/A       88%         3
 Inner Flame              Hex/Fire       3%         N/A       88%         3
 Sigil of Binding         Hex            3%         N/A       88%         3
 Stone Arrow              Conj/Erth      6%         3d7       88%         3
 Tukima's Dance           Hex            3%         N/A       88%         3
 Vampiric Draining        Necr           3%         2d6       88%         3
 Airstrike                Air            11%        2d(2-18)  32%         4
 Dimensional Bullseye     Hex/Tloc       11%        N/A       36%         4
 Iskenderun's Mystic Bla  Conj/Tloc      22%        2d6       36%         4
 Summon Forest            Summ/Tloc      11%        N/A       71%         5
 Summon Lightning Spire   Summ/Air       13%        N/A       80%         4
 Arcjolt                  Conj/Air       6%         1d16      98%         5
 Silence                  Hex/Air        6%         N/A       98%         5
 Brom's Barrelling Bould  Conj/Erth      3%         2d3       99%         4
 Flame Wave               Conj/Fire      3%         2d5       99%         4
 Fulminant Prism          Conj/Hex       1%         3d5       99%         4
 Leda's Liquefaction      Hex/Erth       1%         N/A       99%         4
 Sticky Flame             Conj/Fire      3%         2d3       99%         4
 Summon Ice Beast         Ice/Summ       3%         N/A       99%         4
 Freezing Cloud           Conj/Ice/Air   5%         6-21      99%         5
 Alistair's Intoxication  Tmut/Pois      2%         N/A       100%        5
 Borgnjor's Vile Clutch   Necr/Erth      1%         N/A       100%        5
 Irradiate                Conj/Tmut      1%         3d12      100%        5
 Lee's Rapid Deconstruct  Erth           1%         3d4*      100%        5
 Metabolic Englaciation   Hex/Ice        1%         N/A       100%        5
 Bombard                  Conj/Erth      1%         9d1       100%        6
 Eringya's Noxious Bog    Tmut/Pois      1%         4d6       100%        6
 Plasma Beam              Fire/Air       6%         2x1d17    100%        6
 Simulacrum               Ice/Necr       1%         N/A       100%        6
 Summon Cactus Giant      Summ           1%         N/A       100%        6
 Ozocubu's Refrigeration  Ice            1%         4d7       100%        7
 Disjunction              Tloc           20%        N/A       100%        8
 Lehudib's Crystal Spear  Conj/Erth      1%         10d2      100%        8
 Maxwell's Capacitive Co  Air            11%        ∞         100%        8
 Wereblood                Tmut           Unusable   N/A       N/A         2

Dungeon Overview and Level Annotations

Branches:
Dungeon (15/15)            Temple (0/1) D:7            Lair (5/5) D:10
  Swamp (4/4) Lair:3        Snake (4/4) Lair:2        Slime (5/5) Lair:5
    Orc (2/2) D:11            Elf (0/3) Orc:2        Vaults (4/5) D:13
  Crypt (0/3) Vaults:2     Depths (1/4) D:15         Bailey (visited)
  IceCv (visited)         Desolation (visited)      Gauntlet (visited)

Altars:
Ashenzari
Cheibriados
Dithmenos
Kikubaaqudgha
Makhleb
Okawaru
Qazlal
Ru
Sif Muna
Trog
Uskayaw
Yredelemnul
Jiyva

Shops:
D:1 !   D:6 !   D:10 [   D:13 *   Orc:2 ([?:   Snake:1 [   Snake:2 *
Snake:3 *   Snake:4 :   Vaults:1 (   Vaults:3 *

Portals:
Hell: Depths:1
Ziggurat: Depths:1

Annotations:
D:8 3 runed translucent doors


Innate Abilities, Weirdness & Mutations

You are immune to poison.
You have sharp fingernails.
Your flesh is cold resistant. (rC+)
You are immune to negative energy. (rN+++)
You do not regenerate when monsters are visible.
You are immune to unholy pain and torment.
You thrive by killing the living.


Message History

Makhleb accepts your kill.
You feel better.
You feel ready to blink again.
The grasping roots constrict the spark wasp.
The grasping roots constrict the ettin!
The roots release their grip on the ettin.
The spark wasp struggles to escape constriction.
The ettin misses you. You block the ettin's attack.
The spark wasp escapes!
You scratch the ettin but do no damage.
The ettin is heavily wounded.
The spark wasp barely misses you.
The deep troll shaman calls upon its god to speed up something.
The lich gestures at you while chanting.
You resist with significant effort. The ettin hits you but does no damage.
The ettin barely misses you.
You mangle the ettin!!
The ettin is severely wounded.
The spark wasp stings you but does no damage.
The ettin hits you with a +0 dire flail!!
* * * LOW HITPOINT WARNING * * *
The ettin barely misses you. The lich touches you!
* * * LOW HITPOINT WARNING * * *
The spark wasp stings you but does no damage.
You claw the ettin!
The ettin is almost dead.
You block the spark wasp's attack.
A deep troll shaman comes into view.
The lich gestures wildly while chanting.
The lich seems to speed up.
You block the ettin's attack. The ettin completely misses you.
A deep troll comes into view.
You scratch the ettin.
The ettin is almost dead.
You block the spark wasp's attack.
The lich conjures a glowing orb.
The wavering orb of destruction weakly hits you!!
* * * LOW HITPOINT WARNING * * *
The ettin completely misses you.
The ettin hits you with a +0 dire flail!
You die...

#.#≈≈.##.##.≈≈###
#...§.
#.###§§###≈≈###.
##.... #.######
####... .....
#...###. .......
###..##. .......
##.##. .......
##.##.#..§≈..T
#....CTLT≈≈T..
##..#y@#.§
#######


You could see a lich (fast), an ettin, a spark wasp (drained), a deep troll and
3 deep troll shamans.

Vanquished Creatures
  Dissolution (Slime:3)
  the Royal Jelly (Slime:5)
  Mennas (Vaults:2)
  Mlioglotl (Snake:1)
  Asterion (Snake:1)
  2 sphinxes (Vaults:4)
  12 acid blobs
  Frances (Swamp:1)
  2 thorn hunters
  8 azure jellies
  9 nagarajas
  A fire giant (Depths:1)
  10 rockslimes
  2 orc warlords
  10 vault wardens
  3 imperial myrmidons (Desolation)
  6 ironbound thunderhulks
  17 ironbound preservers
  A very ugly thing (Vaults:3)
  2 stone giants
  4 war gargoyles
  11 formless jellyfish
  11 quicksilver oozes
  7 dire elephants
  6 eleionomae
  A minotaur (Gauntlet)
  7 bunyips
  3 spark wasps (Depths:1)
  2 halazid warlocks (Desolation)
  An eidolon (Vaults:2)
  2 crystal guardians
  A deep elf death mage (Vaults:2)
  Josephine (D:12)
  2 ettins
  2 shambling mangroves
  Erolcha (D:9)
  6 ragged hierophants
  8 yaktaur captains
  3 servants of whispers (Desolation)
  6 great orbs of eyes
  2 rakshasas
  24 hydras
  5 ironbound frosthearts
  11 peacekeepers
  A ghost crab (Swamp:2)
  5 alligators
  14 anacondas
  3 catoblepae
  12 centaur warriors
  2 dancing weapons (D:13)
  A merfolk avatar (Lair:5)
  12 naga warriors
  A deep troll earth mage (Depths:1)
  5 two-headed ogres
  5 boulder beetles
  2 tengu warriors (D:15)
  A hell hog (Gauntlet)
  3 orc high priests (Orc:2)
  10 death yaks
  A sphinx skeleton (Vaults:2)
  9 naga sharpshooters
  Urug (Lair:4)
  7 shock serpents
  2 skysharks
  A spriggan berserker (Swamp:4)
  Sonja (D:12)
  A skeletal warrior (Vaults:2)
  5 spriggan druids
  2 salamander mystics
  Lodul (D:13)
  2 glowing orange brains
  The ghost of timneilson the Insei, a novice OpSh of Gozag (D:7)
  4 goliath frogs
  4 naga ritualists
  13 swamp dragons
  8 sea snakes
  A spectral hydra (Gauntlet)
  11 bog bodies
  7 lindwurms
  33 deep trolls
  An obsidian statue (D:12)
  2 deep elf pyromancers (D:12)
  4 necromancers (Vaults:2)
  A human zombie (Vaults:2)
  11 ironbound convokers
  2 arcanists
  6 harpies
  5 cyclopes
  14 mana vipers
  A stone giant zombie (Vaults:2)
  11 orc knights
  4 orc sorcerers (Orc:2)
  3 manticores
  3 shining eyes
  6 will-o-the-wisps
  11 ugly things
  10 salamanders
  2 oklob plants
  2 eyes of devastation
  17 elephants
  40 black mambas
  A rust devil (D:12)
  A gargoyle (D:11)
  An ice statue (IceCv)
  13 vault sentinels
  14 cane toads
  24 naga magi
  10 guardian serpents
  Psyche (D:12)
  42 yaktaurs
  3 orange demons
  Maggie (D:10)
  15 komodo dragons
  A kobold demonologist (D:11)
  14 rime drakes
  An ice devil (D:9)
  An efreet (D:12)
  2 tengu conjurers
  8 trolls
  A hellwing (D:9)
  A wind drake (Lair:4)
  13 hornets
  Prince Ribbit (D:7)
  3 meliai (D:13)
  A bloated husk (Swamp:1)
  8 tyrant leeches
  3 polar bears
  32 saltlings
  9 blink frogs
  A raiju (Gauntlet)
  12 dream sheep
  A snapping turtle (Lair:5)
  A glass eye (Slime:5)
  A jumping spider (Vaults:4)
  88 slime creatures
  9 spriggans
  4 fire bats (Gauntlet)
  48 yaks
  6 wraiths
  5 basilisks
  2 wyverns
  4 golden eyes
  4 steam dragons
  9 vampire mosquitoes
  3 wargs
  38 nagas
  17 swamp worms
  2 hell hounds (Gauntlet)
  2 acid dragons
  5 great orb of eyes simulacra (IceCv)
  13 water moccasins
  3 sky beasts
  30 orc warriors
  2 ice beasts
  8 swamp drakes
  3 black bears
  5 wolves
  15 centaurs
  15 ogres
  4 boggarts (D:14)
  2 slime creature simulacra (IceCv)
  2 phantoms
  10 kobold brigands
  20 bullfrogs
  3 gnoll sergeants
  A human skeleton (Vaults:2)
  8 scorpions
  4 small abominations (Gauntlet)
  5 wights (D:9)
  4 glowing shapeshifter simulacra (IceCv)
  5 howler monkeys
  A quasit (D:12)
  3 jellies
  A gnoll bouda (D:7)
  14 orc priests
  7 hounds
  An iron imp (D:12)
  Natasha (thrice) (D:2)
  Terence (D:2)
  6 iguanas
  18 orc wizards
  A lightning spire (Gauntlet)
  2 shapeshifter simulacra (IceCv)
  12 gnolls
  9 adders
  3 shadow imps
  6 white imps
  2 worms
  A dart slug (D:3)
  57 orcs
  9 endoplasms
  4 giant cockroaches
  3 goblins
  8 hobgoblins
  6 jackals
  6 quokkas
  6 ball pythons
  4 bats
  4 frilled lizards
  41 kobolds
  2 rats (D:1)
  A rat zombie (D:11)
1457 creatures vanquished.

Vanquished Creatures (collateral kills)
  3 acid blobs
  4 rockslimes
  2 azure jellies
  3 quicksilver oozes
  3 great orbs of eyes
  A naga warrior (Snake:2)
  3 death yaks
  A shock serpent (Snake:4)
  A salamander mystic (Snake:3)
  2 deep trolls (Depths:1)
  A naga ritualist (Snake:3)
  An elephant (Lair:2)
  A rust devil (D:12)
  An orange demon (D:12)
  An efreet (D:12)
  2 komodo dragons
  A saltling (Desolation)
  5 blink frogs
  A glass eye (Slime:4)
  3 dream sheep (Lair:5)
  19 slime creatures
  A golden eye (Slime:4)
  3 yaks
  A naga (Snake:3)
  5 water moccasins
  An orc warrior (Orc:1)
  3 kobold brigands (Bailey)
  A bullfrog (Lair:1)
  A quasit (D:12)
  2 gnolls (D:7)
  A white imp (D:12)
  2 orcs (Orc:1)
80 creatures vanquished.

Vanquished Creatures (others)
  A rockslime (Slime:5)
  A formless jellyfish (Slime:4)
  A great orb of eyes (Slime:5)
  An iron troll (Depths:1)
  3 saltlings (Desolation)
  2 slime creatures
  A yak (Lair:4)
  A gnoll sergeant (D:7)
  22 foxfires
33 creatures vanquished.

Grand Total: 1570 creatures vanquished

Notes
Turn   | Place    | Note
-------+----------+-------------------------------------------
     0 | D:1      | RBrandon the Ghoul Warper began the quest for the Orb.
     0 | D:1      | Reached XP level 1. HP: 17/17 MP: 2/2
   297 | D:1      | Reached XP level 2. HP: 24/24 MP: 3/3
   333 | D:1      | Reached skill level 3 in Unarmed Combat
   445 | D:1      | Found Yciamarr's Distillery.
   759 | D:2      | Reached XP level 3. HP: 29/29 MP: 4/4
   832 | D:2      | Noticed Natasha
   838 | D:2      | Killed Natasha
   839 | D:2      | Reached skill level 4 in Unarmed Combat
   868 | D:2      | Noticed Natasha
   879 | D:2      | Killed Natasha
   880 | D:2      | Reached XP level 4. HP: 18/36 MP: 5/5
   991 | D:2      | Reached skill level 5 in Unarmed Combat
  1044 | D:2      | Noticed Terence
  1074 | D:2      | Killed Terence
  1075 | D:2      | Reached XP level 5. HP: 21/41 MP: 6/6
  1098 | D:2      | Noticed Natasha
  1104 | D:2      | Killed Natasha
  1152 | D:2      | Learned a level 2 spell: Blink
  1155 | D:2      | Learned a level 2 spell: Lesser Beckoning
  1480 | D:2      | Reached skill level 6 in Unarmed Combat
  1772 | D:3      | Reached XP level 6. HP: 44/48 MP: 7/7
  2375 | D:5      | Entered Level 5 of the Dungeon
  2433 | D:5      | Reached XP level 7. HP: 55/55 MP: 8/8
  2511 | D:5      | Reached skill level 5 in Translocations
  2755 | D:5      | Reached XP level 8. HP: 61/61 MP: 9/9
  2769 | D:5      | Reached skill level 7 in Unarmed Combat
  2936 | D:5      | Reached skill level 8 in Unarmed Combat
  3345 | D:6      | Reached skill level 9 in Unarmed Combat
  3420 | D:6      | Found Caana's Distillery.
  3424 | D:6      | Bought a potion of curing for 42 gold pieces
  3431 | D:6      | Found a shimmering blue altar of Sif Muna.
  3432 | D:6      | Found a burning altar of Makhleb.
  3435 | D:6      | Found a hide-covered altar of Uskayaw.
  3436 | D:6      | Found a bloodstained altar of Trog.
  3456 | D:6      | Became a worshipper of Makhleb the Destroyer
  3582 | D:6      | Reached skill level 10 in Unarmed Combat
  3590 | D:6      | Reached XP level 9. HP: 67/67 MP: 10/10
  3597 | D:6      | Learned a level 3 spell: Teleport Other
  3602 | D:6      | Learned a level 4 spell: Manifold Assault
  3629 | D:6      | Found a shadowy altar of Dithmenos.
  3908 | D:6      | Found an iron altar of Okawaru.
  4057 | D:7      | Found a sacrificial altar of Ru.
  4058 | D:7      | Found a transporter.
  4253 | D:7      | Identified the ring "Ycruidd" {Wiz Contam rN++ Str+5}
  4277 | D:7      | Identified the +8 trident of a bailey {chaos, Drain Will+
                  | Dex+3 Stlth+}
  4277 | D:7      | Identified the +0 kite shield of Duty {Fly rPois Dex-2
                  | Stlth+}
  4289 | D:7      | Noticed Prince Ribbit
  4295 | D:7      | Killed Prince Ribbit
  4296 | D:7      | Reached skill level 5 in Armour
  4433 | D:7      | Reached * piety under Makhleb
  4563 | D:7      | Found a stormy altar of Qazlal.
  4715 | D:7      | Found a staircase to the Ecumenical Temple.
  4800 | D:7      | Found a transporter.
  4863 | D:7      | Noticed timneilson's ghost (novice OpSh)
  4896 | D:7      | Killed timneilson's ghost
  4897 | D:7      | Reached XP level 10. HP: 53/73 MP: 11/11
  5057 | D:8      | Noticed a two-headed ogre
  5283 | D:8      | Killed a two-headed ogre
  5546 | D:8      | Noticed a cyclops
  5555 | D:8      | Killed a cyclops
  5556 | D:8      | Reached skill level 5 in Dodging
  5953 | D:8      | Found a runed translucent gate.
  5953 | D:8      | Found a runed translucent gate.
  5953 | D:8      | Found a runed translucent gate.
  5954 | D:8      | Noticed a brown ugly thing
  5954 | D:8      | Noticed a red ugly thing
  5955 | D:8      | Noticed a purple ugly thing
  5956 | D:8      | Noticed a brown ugly thing
  6100 | D:9      | Noticed a rust devil
  6129 | D:9      | Reached ** piety under Makhleb
  6172 | D:9      | Noticed an orange demon
  6266 | D:8      | Learned a level 4 spell: Vhi's Electric Charge
  6288 | D:8      | Reached skill level 1 in Invocations
  6554 | D:9      | Reached XP level 11. HP: 60/79 MP: 14/14
  6585 | D:9      | Reached skill level 5 in Invocations
  6908 | D:9      | Noticed Erolcha
  6922 | D:9      | Killed Erolcha
  7224 | D:10     | Entered Level 10 of the Dungeon
  7227 | D:10     | Reached XP level 12. HP: 93/93 MP: 16/16
  7243 | D:10     | Reached skill level 5 in Fighting
  7244 | D:10     | Noticed Maggie
  7256 | D:10     | Killed Maggie
  7267 | D:10     | Reached *** piety under Makhleb
  7272 | D:10     | Noticed a two-headed ogre
  7280 | D:10     | Killed a two-headed ogre
  7289 | D:10     | Found a staircase to the Lair.
  7328 | D:10     | Found a basalt altar of Yredelemnul.
  7358 | D:10     | Found a flagged portal.
  7368 | Bailey   | Entered a bailey
  7502 | Bailey   | Found an iron altar of Okawaru.
  7543 | Bailey   | Identified the +8 short sword "Siroemiu" {protect, rF+
                  | Will+ Dex+5 SInv}
  8027 | D:10     | Found Gyenupn's Armour Shoppe.
  8121 | Lair:1   | Entered Level 1 of the Lair of Beasts
  8280 | Lair:1   | Reached skill level 10 in Fighting
  8406 | Lair:1   | Reached **** piety under Makhleb
  8982 | Lair:2   | Noticed a death yak
  8982 | Lair:2   | Noticed a death yak
  8982 | Lair:2   | Noticed a death yak
  8995 | Lair:2   | Found a staircase to the Snake Pit.
  9081 | Lair:2   | Reached XP level 13. HP: 75/115 MP: 17/17
  9401 | Lair:2   | Reached skill level 11 in Unarmed Combat
  9589 | Lair:2   | Found a broken altar of Ashenzari.
 10505 | Lair:3   | Reached skill level 12 in Unarmed Combat
 10931 | Lair:3   | Noticed Nessos
 10932 | Lair:3   | Nessos changed into Nessos the yak
 10932 | Lair:3   | Noticed Nessos
 10942 | Lair:3   | Killed Nessos the yak
 11537 | Lair:3   | Found a staircase to the Swamp.
 11904 | Lair:4   | Reached skill level 10 in Invocations
 11954 | Lair:4   | Reached skill level 1 in Evocations
 12054 | Lair:4   | Noticed Urug
 12069 | Lair:4   | Killed Urug
 12069 | Lair:4   | Reached ***** piety under Makhleb
 12070 | Lair:4   | Reached XP level 14. HP: 122/124 MP: 15/20
 12331 | Lair:4   | Reached skill level 5 in Evocations
 14510 | Lair:5   | Entered Level 5 of the Lair of Beasts
 14555 | Lair:5   | Found a viscous altar of Jiyva.
 14557 | Lair:5   | Found a staircase to the Slime Pits.
 14818 | Lair:5   | Reached skill level 10 in Armour
 14846 | Lair:5   | Found a frozen archway.
 14886 | IceCv    | Entered an ice cave
 15037 | IceCv    | Identified the +4 lajatang of Watchfulness {freeze, Int+3}
 15285 | IceCv    | Reached XP level 15. HP: 101/130 MP: 21/21
 15676 | IceCv    | Found a viscous altar of Jiyva.
 15676 | IceCv    | Noticed an azure jelly
 15681 | IceCv    | Killed an azure jelly
 15700 | IceCv    | Got Ekuxot's Precepts of the Crevasse
 16673 | Lair:5   | Reached skill level 10 in Dodging
 17273 | D:10     | Bought +1 ice dragon scales for 1139 gold pieces
 17380 | D:11     | Reached ****** piety under Makhleb
 17837 | D:11     | Found a staircase to the Orcish Mines.
 18097 | D:11     | Found an ancient bone altar of Kikubaaqudgha.
 18278 | Orc:1    | Entered Level 1 of the Orcish Mines
 18608 | Orc:2    | Entered Level 2 of the Orcish Mines
 18608 | Orc:2    | Found Izexzirual's Book Boutique.
 19026 | Orc:2    | Found a staircase to the Elven Halls.
 19127 | Orc:2    | Reached XP level 16. HP: 89/138 MP: 22/24
 19136 | Orc:2    | Reached skill level 13 in Unarmed Combat
 19304 | Orc:2    | Found Tiapli's Jewellery Shoppe.
 19304 | Orc:2    | Found Cikkidai's Weapon Shoppe.
 19305 | Orc:2    | Found Kumasodo's Magic Scroll Shop.
 19305 | Orc:2    | Found Wuzaurah's Antique Armour Shop.
 19327 | Orc:2    | Bought a scroll of blinking for 120 gold pieces
 19327 | Orc:2    | Bought a scroll of enchant armour for 120 gold pieces
 19327 | Orc:2    | Bought a scroll of summoning for 152 gold pieces
 19327 | Orc:2    | Bought a scroll of poison for 64 gold pieces
 20212 | D:12     | Reached skill level 14 in Unarmed Combat
 20344 | D:12     | Noticed Psyche
 20347 | D:12     | Killed Psyche
 20414 | D:12     | Noticed Josephine
 20427 | D:12     | Killed Josephine
 20610 | D:12     | Noticed Sonja
 20622 | D:12     | Killed Sonja
 20871 | D:12     | Reached skill level 15 in Unarmed Combat
 21338 | D:13     | Found Zuwonae's Assorted Antiques.
 21342 | D:13     | Bought 2 puce potions for 72 gold pieces
 21355 | D:13     | Noticed Lodul
 21365 | D:13     | Killed Lodul
 21366 | D:13     | Reached skill level 10 in Translocations
 21514 | D:13     | Found a gate to the Vaults.
 22401 | D:14     | Learned a level 4 spell: Passage of Golubria
 22751 | D:14     | Found a snail-covered altar of Cheibriados.
 22782 | D:14     | Found a gate leading to a gauntlet.
 22793 | Gauntlet | Entered a Gauntlet
 22793 | Gauntlet | Found a transporter.
 22800 | Gauntlet | Found a transporter.
 22803 | Gauntlet | Found a transporter.
 22804 | Gauntlet | Found a transporter.
 22810 | Gauntlet | Found a runed translucent gate.
 22810 | Gauntlet | Found a runed translucent gate.
 22810 | Gauntlet | Found a runed translucent gate.
 22812 | Gauntlet | Found a transporter.
 22815 | Gauntlet | Found a transporter.
 22816 | Gauntlet | Found a transporter.
 22824 | Gauntlet | Found a transporter.
 22827 | Gauntlet | Found a transporter.
 22828 | Gauntlet | Found a transporter.
 22837 | Gauntlet | Found a transporter.
 22839 | Gauntlet | Found a transporter.
 22840 | Gauntlet | Found a transporter.
 22853 | Gauntlet | Found a transporter.
 23043 | Gauntlet | Identified the +4 helmet "Reeruakk" {SInv}
 23459 | D:15     | Entered Level 15 of the Dungeon
 24248 | D:15     | Found a staircase to the Depths.
 24321 | D:15     | Reached XP level 17. HP: 127/145 MP: 22/25
 24596 | Snake:1  | Entered Level 1 of the Snake Pit
 24625 | Snake:1  | Learned a level 3 spell: Volatile Blastmotes
 24947 | Snake:1  | Found Sugaurokh's Armour Shoppe.
 24979 | Snake:1  | Reached skill level 5 in Spellcasting
 25149 | Snake:1  | Noticed Asterion
 25154 | Snake:1  | Killed Asterion
 25639 | Snake:1  | Reached skill level 1 in Shields
 25958 | Snake:1  | Noticed Mlioglotl
 25981 | Snake:1  | Killed Mlioglotl
 26707 | Snake:2  | Found Weecs's Assorted Antiques.
 27154 | Snake:2  | Reached skill level 5 in Shields
 27702 | Snake:2  | Identified the +3 dagger of Subjectivity {drain, *Slow
                  | rPois rC+ Int+4}
 29029 | Snake:3  | Found Ethraoh's General Store.
 29043 | Snake:3  | Bought a potion of heal wounds for 70 gold pieces
 29522 | Snake:3  | Found a stormy altar of Qazlal.
 29972 | Snake:4  | Entered Level 4 of the Snake Pit
 30052 | Snake:4  | Found Ecomufoph's Book Shoppe.
 30143 | Snake:4  | Reached XP level 18. HP: 76/154 MP: 26/26
 30152 | Snake:4  | Reached skill level 10 in Shields
 30450 | Snake:4  | Identified the +10 falchion of Uhuuzemo {speed, rN+ rCorr
                  | Str+4}
 30971 | Snake:4  | Learned a level 4 spell: Iskenderun's Mystic Blast
 31126 | Snake:4  | Reached skill level 16 in Unarmed Combat
 31161 | Snake:4  | Got a serpentine rune of Zot
 32055 | Swamp:1  | Entered Level 1 of the Swamp
 32071 | Swamp:1  | Reached skill level 17 in Unarmed Combat
 32126 | Swamp:1  | Noticed Frances
 32137 | Swamp:1  | Killed Frances
 32148 | Swamp:1  | You fall into a shaft and drop 1 floor!
 32148 | Swamp:2  | Found a shadowy altar of Dithmenos.
 33490 | Swamp:3  | Reached skill level 5 in Air Magic
 33931 | Swamp:1  | Reached XP level 19. HP: 161/161 MP: 24/27
 34842 | Swamp:4  | Entered Level 4 of the Swamp
 35675 | Swamp:4  | Identified the +10 falchion of the Eternal Void {freeze,
                  | Fly rPois rC- Stlth+}
 35769 | Swamp:4  | Identified the +4 buckler "Ezyuff" {rElec Str+2}
 35812 | Swamp:4  | Got a decaying rune of Zot
 36111 | Vaults:1 | Entered Level 1 of the Vaults
 36649 | Vaults:1 | Found Luvoaro Nairgh's Weapon Shop.
 37868 | Vaults:1 | Reached XP level 20. HP: 141/174 MP: 23/28
 38347 | Vaults:2 | Found a staircase to the Crypt.
 38411 | Vaults:2 | Found a gateway to a bazaar.
 38482 | Bazaar   | Entered a bazaar
 38521 | Bazaar   | Found Juamupt's Magic Scroll Shoppe.
 38539 | Bazaar   | Found Emnaasif's Assorted Antiques.
 38539 | Bazaar   | Found Tappazetop's Assorted Antiques.
 38549 | Bazaar   | Bought a distressingly furry scale mail for 180 gold pieces
 38549 | Bazaar   | Identified the +0 scale mail of Ifeost {Regen+ Int-4
                  | Slay+3} (You bought it in a shop in a bazaar)
 38561 | Bazaar   | Found Ruty's Armour Shoppe.
 38608 | Bazaar   | Bought a scroll of revelation for 67 gold pieces
 39214 | Vaults:2 | Identified the +4 tower shield of Xydghoec {Regen+ Str-5
                  | SInv Stlth+}
 39214 | Vaults:2 | Noticed Mennas
 39248 | Vaults:2 | Killed Mennas
 39559 | Vaults:2 | Reached skill level 15 in Fighting
 39706 | Vaults:2 | Found the +7 sceptre of Torment {pain, torment}
 40671 | Vaults:3 | Found a crumbling gateway.
 40685 | Desolati | Entered the Desolation of Salt
 40886 | Desolati | Identified the ring of Edoe {Str+6 Dex+4 Slay+6}
 40920 | Desolati | Got Zeniviawk's Omnibus of the Unstable Deep Freeze
 40944 | Desolati | Got Ihomm's Excursus on Nocuous Rime
 40946 | Desolati | Got the Parchment of the Boggart and Angles
 40987 | Desolati | Reached XP level 21. HP: 185/185 MP: 25/29
 41959 | Vaults:3 | Found Istrit's Assorted Antiques.
 41967 | Vaults:3 | Bought a potion of haste for 400 gold pieces
 41967 | Vaults:3 | Bought 2 potions of heal wounds for 400 gold pieces
 41967 | Vaults:3 | Bought a scroll labelled ONEUKI GESKOI for 40 gold pieces
 42138 | Vaults:3 | Identified the +0 leather armour of Baldness {-Cast rN+
                  | Str+6}
 42924 | Vaults:4 | Reached skill level 18 in Unarmed Combat
 43267 | Vaults:4 | Paralysed by a sphinx for 3 turns
 43722 | Vaults:4 | Reached skill level 19 in Unarmed Combat
 44512 | Slime:1  | Entered Level 1 of the Pits of Slime
 44648 | Slime:1  | Reached skill level 20 in Unarmed Combat
 45285 | Slime:3  | Noticed Dissolution
 45299 | Slime:3  | Killed Dissolution
 45533 | Slime:3  | Reached XP level 22. HP: 195/195 MP: 18/30
 46898 | Slime:5  | Entered Level 5 of the Pits of Slime
 47451 | Slime:5  | Noticed the Royal Jelly
 48052 | Slime:5  | Found a viscous altar of Jiyva.
 48098 | Slime:5  | Killed the Royal Jelly
 49353 | Slime:5  | Identified the staff "Tyssoep" {+Blink rPois rF- rN+
                  | Poison}
 49430 | Slime:5  | Got a slimy rune of Zot
 49774 | Depths:1 | Entered Level 1 of the Depths
 49774 | Depths:1 | Found a one-way gateway to a ziggurat.
 49968 | Orc:2    | Bought a There-And-Back Book for 480 gold pieces
 49977 | Orc:2    | Learned a level 6 spell: Dispersal
 50530 | Depths:1 | Found a gateway to Hell.
 50732 | Depths:1 | HP: 3/205 [disintegration (24)]
 50732 | Depths:1 | Slain by an ettin

Illustrated notes

Levels and vault maps discovered:
D:1:      lemuel_arrival_lava_pool, layout_loops_cross, serial_shops,
          nicolae_shop_tiny_statue_garden
D:2:      layout_basic, uniq_natasha, uniq_terence
D:3:      layout_basic
D:4:      layout_basic
D:5:      layout_gridville, kennysheep_generic_room_7
D:6:      layout_loops_cross, nicolae_dithmenos_the_darkroom, lemuel_tele_altar,
          grunt_temple_overflow_open, serial_shops, shop, st_stairs_10
D:7:      layout_cave_pools, mainiacjoe_overflow_chevrons,
          mainiacjoe_overflow_surrounded_room,
          minmay_temple_entry_enclosed_plants, gammafunk_ghost_gnarly_gnolls,
          uniq_prince_ribbit1
D:8:      layout_cave_pools, ploomutoo_gammafunk_ghost_potion_laboratory,
          nrook_uturn
D:9:      layout_basic, serial_demonic, serial_demonic_g, serial_demonic_c,
          serial_demonic_e, serial_demonic_g, uniq_erolcha
D:10:     layout_cave_pools, mainiacjoe_overflow_24_doors, serial_shops,
          nicolae_shop_behind_doors, enter_bailey_2, uniq_maggie
D:11:     layout_loops_ring, orc_david_3, special_room [special_room_orc],
          lemuel_zombie_altar_kikubaaqudgha
D:12:     layout_rooms, hangedman_devilish_allure, uniq_psyche, uniq_sonja,
          uniq_josephine
D:13:     layout_loops_cross, erik_vaults_1, serial_shops,
          nicolae_stop_n_shop_2, uniq_lodul
D:14:     layout_basic, gauntlet_entry_generic, minivault_16,
          cheibrodos_worm_habitat
D:15:     grunt_enter_depths_snipers, layout_basic, chequers_mini_garden
Lair:1:   layout_hall_layers, serial_bayou_pond_d, fungi_pond_lemuel
Lair:2:   layout_chaotic_city, guppyfry_snake_entry_island, basic_altar
Lair:3:   layout_gridlike, mainiacjoe_swamp_entry_angry_trees,
          serial_bayou_pond_c, worms_lemuel, uniq_nessos
Lair:4:   nzn_winding_woodlands_cross [nzn_winding_woodlands_5x15_default,
          nzn_winding_woodlands_5x15_pockets,
          nzn_winding_woodlands_5x15_split_checker,
          nzn_winding_woodlands_5x15_garden,
          nzn_winding_woodlands_15x15_five_gardens], layout_cave_pods,
          st_stairs_6, nzn_random_ring, infiniplex_staircase_pool_2, uniq_urug
Lair:5:   gammafunk_lair_ancient_temple, layout_long_grid, slime_entry_1,
          portal_ice_cave_rime, nicolae_lair_lil_pond, lemuel_fruit_tree
Swamp:1:  layout_basic_swamp, serial_swamp_ruin, evilmike_swamp_ruin_house_2,
          evilmike_swamp_ruin_house_4, evilmike_swamp_ruin_rubble_2,
          swamp_pool_5, uniq_frances
Swamp:2:  layout_falls_marsh, nicolae_swamp_godswood, swamp_pool_1_2,
          nicolae_swamp_decorative_isthmus, nicolae_swamp_tree_isthmus
Swamp:3:  layout_basic_swamp, evilmike_swamp_ruin_house_6
Swamp:4:  swamp_basic_johnstein, layout_basic_swamp, infiniplex_staircase_pool
Snake:1:  layout_chambers, minmay_shop_star, uniq_mlioglotl, uniq_asterion
Snake:2:  layout_concentric_octagons, serial_shops, shop,
          hangedman_snake_sidewinding
Snake:3:  layout_grid_shapes, serial_shops, shop, basic_altar
Snake:4:  grunt_snake_rune_pools, layout_layer_cave, serial_shops,
          shop_fountains, st_stairs_14
Slime:1:  layout_caves
Slime:2:  layout_caves, nicolae_slime_rock_hall_of_fame
Slime:3:  layout_caves, dissolution_awaits
Slime:4:  layout_caves
Slime:5:  slime_pit
Orc:1:    layout_caves
Orc:2:    st_orc_elflike, layout_caves, serial_shops, shop, basic_altar
Vaults:1: hangedman_vaults_snaps, v_misc_19, nicolae_vaults_octothorpe,
          hangedman_vaults_restitches, v_pattern_1,
          nicolae_vaults_taking_the_gang_shopping, vaults_dpeg_hooks,
          layout_vaults_quadrants
Vaults:2: nicolae_vaults_gold_heap, nicolae_vaults_double_plus_2,
          nicolae_vaults_oval_intersection, nicolae_vaults_network_s,
          nicolae_vaults_little_squares_6, minmay_crypt_entry_simple_round,
          st_eye, nicolae_vaults_house_2, vaults_room_door_hall, v_misc_26,
          nicolae_vaults_little_squares_2, nicolae_vaults_house_3,
          vaults_dpeg_emergency_exit, hangedman_vaults_stretched_pinwheel,
          nicolae_vaults_surprise_closet, ontoclasm_vaults_claustrophobia,
          nicolae_vaults_yaktaur_gun_rack, layout_vaults_omnibox, serial_shops,
          bzr_entry_road, uniq_mennas
Vaults:3: portal_desolation_entry_salt, nicolae_vaults_more_shelving_2,
          nicolae_vaults_angled_halls, nicolae_vaults_tetromino_Z_1,
          nicolae_vaults_trapezoid_lopsided_3, nicolae_vaults_little_squares_1,
          nicolae_vaults_big_angled_halls, nicolae_vaults_two_Ls,
          nicolae_vaults_trapezoid_layered, nicolae_vaults_tangram_1,
          vaults_room_large_hall, nicolae_vaults_little_guard_posts, v_misc_30,
          nicolae_vaults_trapezoid_lopsided_3, grunt_vaults_hallway_long,
          nicolae_vaults_weapon_check, layout_vaults_big_cross, serial_shops,
          shop
Vaults:4: nicolae_vaults_theta, nicolae_vaults_sealed_display,
          vaults_dpeg_encased_lava, nicolae_vaults_storage_closets_2,
          ontoclasm_vaults_fault, nicolae_vaults_wine_cellar, v_alt_pattern_1,
          v_misc_18, grunt_vaults_bifocal, nicolae_vaults_tetromino_T_2,
          vaults_dpeg_doors, ontoclasm_vaults_chip, layout_vaults_maze
Depths:1: layout_cave_pools, enter_ziggurat_b, minmay_hedge_maze,
          grunt_pan_entry_in_and_out, hangedman_geh_valley, serial_glass,
          glass_columns_c, glass_columns_b, glass_columns_a, glass_columns_c,
          glass_columns_c, glass_columns_c, glass_columns_c, glass_columns_b,
          glass_columns_b, glass_columns_c, glass_columns_b, glass_columns_a,
          glass_columns_b, glass_columns_b, minmay_crystal_box

Skill      XL: |  1  2  3  4  5  6  7  8  9 10 11 12 13 14 15 16 17 18 19 20 21 22 |
---------------+-------------------------------------------------------------------+-----
Unarmed Combat | 3 4 5 6 10 12 15 17 20 | 20.2
Translocations | 4 6 7 9 12 13 | 13.6
Armour         | 2 8 9 10 12 13 14 | 14.3
Dodging        | 5 6 8 10 | 10.5
Spellcasting   | 3 4 5 |  5.3
Invocations    | 4 7 10 12 | 12.0
Fighting       | 4 10 11 12 14 15 16 19 | 19.1
Air Magic      | 3 5 7 |  7.0
Evocations     | 2 5 8 9 |  9.2
Shields        | 9 11 12 | 12.3
Throwing       | |  0.9

Action                     |  1- 3 |  4- 6 |  7- 9 | 10-12 | 13-15 | 16-18 | 19-21 | 22-24 || total
---------------------------+-------+-------+-------+-------+-------+-------+-------+-------++-------
  Melee: Unarmed           |    65 |   148 |   213 |   373 |   909 |  1298 |  1377 |   372 ||  4755
         Punch             |     1 |     1 |       |       |    50 |    44 |    44 |       ||   140
   Cast: Lesser Beckoning  |       |     1 |       |       |       |     8 |     3 |       ||    12
         Blink             |       |       |       |     5 |    10 |    17 |    20 |    16 ||    68
         Vhi's Electric Ch |       |       |       |     9 |    68 |    83 |    44 |    11 ||   215
         Manifold Assault  |       |       |       |     1 |     6 |    21 |       |       ||    28
         Volatile Blastmot |       |       |       |       |       |    36 |     2 |     1 ||    39
         Passage of Golubr |       |       |       |       |       |     1 |     2 |     8 ||    11
         Iskenderun's Myst |       |       |       |       |       |     1 |       |       ||     1
 Invoke: Minor Destruction |       |       |       |    33 |    53 |     5 |     1 |     4 ||    96
         Lesser Servant of |       |       |       |     6 |    11 |     3 |       |       ||    20
         Major Destruction |       |       |       |       |    91 |   172 |   231 |    41 ||   535
         Greater Servant o |       |       |       |       |     1 |     3 |       |       ||     4
  Evoke: Wand              |       |       |     2 |    18 |     6 |     2 |    12 |     6 ||    46
         Tin of tremorston |       |       |       |       |     2 |     5 |     4 |     2 ||    13
         Sack of spiders   |       |       |       |       |     1 |     1 |     2 |     1 ||     5
         Phantom mirror    |       |       |       |       |       |     1 |     3 |     1 ||     5
         Phial of floods   |       |       |       |       |       |     1 |       |       ||     1
         Lightning rod     |       |       |       |       |       |       |     4 |       ||     4
    Use: Potion            |       |     1 |     3 |     3 |     2 |     1 |    11 |    11 ||    32
         Scroll            |       |       |     5 |     9 |    12 |    11 |    10 |     4 ||    51
   Stab: Invisible         |       |     2 |       |       |       |       |     1 |       ||     3
         Distracted        |       |       |       |     2 |     2 |       |     1 |     1 ||     6
         Petrified         |       |       |       |       |     2 |       |       |       ||     2
         Confused          |       |       |       |       |       |       |     1 |       ||     1
 Armour: Scale mail        |    28 |    66 |   126 |     1 |       |       |       |       ||   221
         Leather armour    |     4 |       |       |       |       |       |       |       ||     4
         Ring mail         |       |       |       |   332 |   536 |       |       |       ||   868
         Ice dragon scales |       |       |       |       |   152 |   947 |  1119 |   363 ||  2581
  Dodge: Dodged            |    34 |    72 |   127 |   232 |   453 |   744 |   794 |   262 ||  2718
  Block: Kite shield       |       |       |       |       |       |   397 |   159 |    22 ||   578
         Tower shield      |       |       |       |       |       |   150 |       |       ||   150
         Buckler           |       |       |       |       |       |       |   332 |       ||   332

Table legend: (Time is in decaauts)
 A = Elapsed time spent in this place.
 B = Non-inter-level travel time spent in this place.
 C = Inter-level travel time spent in this place.
 D = Time resting spent in this place.
 E = Time spent auto-exploring this place.
 F = Levels seen in this place.
 G = Mean time per level.
                   A        B        C        D        E       F      G
               +--------+--------+--------+--------+--------+-----+--------+
         Total |  49915 |  46716 |   3199 |   9342 |  26085 |  45 | 1109.2 |
       Dungeon |  13243 |  12199 |   1044 |   1213 |   7904 |  15 |  882.9 |
          Lair |   8680 |   7773 |    907 |   1706 |   4228 |   5 | 1736.0 |
         Swamp |   3995 |   3838 |    157 |    779 |   2158 |   4 |  998.8 |
     Snake Pit |   7527 |   6901 |    626 |   1564 |   3769 |   4 | 1881.8 |
    Slime Pits |   4863 |   4738 |    125 |   2147 |   1664 |   5 |  972.6 |
  Orcish Mines |   1875 |   1743 |    132 |    316 |   1085 |   2 |  937.5 |
        Vaults |   7354 |   7153 |    201 |    961 |   4757 |   4 | 1838.5 |
        Depths |    397 |    393 |      4 |    212 |     86 |   1 |  397.0 |
        Bazaar |    166 |    166 |      0 |      0 |     42 |   1 |  166.0 |
        Bailey |    280 |    280 |      0 |     15 |    146 |   1 |  280.0 |
      Ice Cave |    868 |    868 |      0 |    343 |    199 |   1 |  868.0 |
    Desolation |    354 |    354 |      0 |     55 |     16 |   1 |  354.0 |
      Gauntlet |    307 |    307 |      0 |     29 |     29 |   1 |  307.0 |
               +--------+--------+--------+--------+--------+-----+--------+

Top non-repeatable levels by time:
  Lair:4: 2986 daAuts
 Snake:2: 2684 daAuts
 Slime:4: 2250 daAuts
Vaults:2: 2037 daAuts
Vaults:3: 1899 daAuts
Vaults:1: 1847 daAuts
 Snake:1: 1762 daAuts
  Lair:2: 1738 daAuts
  Lair:5: 1713 daAuts
 Snake:4: 1669 daAuts
Vaults:4: 1569 daAuts
    D:13: 1452 daAuts
 Swamp:2: 1435 daAuts
 Snake:3: 1410 daAuts
  Lair:3: 1199 daAuts

Levels and vault maps discovered:
D:1:      lemuel_arrival_lava_pool, layout_loops_cross, serial_shops,
          nicolae_shop_tiny_statue_garden
D:2:      layout_basic, uniq_natasha, uniq_terence
D:3:      layout_basic
D:4:      layout_basic
D:5:      layout_gridville, kennysheep_generic_room_7
D:6:      layout_loops_cross, nicolae_dithmenos_the_darkroom, lemuel_tele_altar,
          grunt_temple_overflow_open, serial_shops, shop, st_stairs_10
D:7:      layout_cave_pools, mainiacjoe_overflow_chevrons,
          mainiacjoe_overflow_surrounded_room,
          minmay_temple_entry_enclosed_plants, gammafunk_ghost_gnarly_gnolls,
          uniq_prince_ribbit1
D:8:      layout_cave_pools, ploomutoo_gammafunk_ghost_potion_laboratory,
          nrook_uturn
D:9:      layout_basic, serial_demonic, serial_demonic_g, serial_demonic_c,
          serial_demonic_e, serial_demonic_g, uniq_erolcha
D:10:     layout_cave_pools, mainiacjoe_overflow_24_doors, serial_shops,
          nicolae_shop_behind_doors, enter_bailey_2, uniq_maggie
D:11:     layout_loops_ring, orc_david_3, special_room [special_room_orc],
          lemuel_zombie_altar_kikubaaqudgha
D:12:     layout_rooms, hangedman_devilish_allure, uniq_psyche, uniq_sonja,
          uniq_josephine
D:13:     layout_loops_cross, erik_vaults_1, serial_shops,
          nicolae_stop_n_shop_2, uniq_lodul
D:14:     layout_basic, gauntlet_entry_generic, minivault_16,
          cheibrodos_worm_habitat
D:15:     grunt_enter_depths_snipers, layout_basic, chequers_mini_garden
Lair:1:   layout_hall_layers, serial_bayou_pond_d, fungi_pond_lemuel
Lair:2:   layout_chaotic_city, guppyfry_snake_entry_island, basic_altar
Lair:3:   layout_gridlike, mainiacjoe_swamp_entry_angry_trees,
          serial_bayou_pond_c, worms_lemuel, uniq_nessos
Lair:4:   nzn_winding_woodlands_cross [nzn_winding_woodlands_5x15_default,
          nzn_winding_woodlands_5x15_pockets,
          nzn_winding_woodlands_5x15_split_checker,
          nzn_winding_woodlands_5x15_garden,
          nzn_winding_woodlands_15x15_five_gardens], layout_cave_pods,
          st_stairs_6, nzn_random_ring, infiniplex_staircase_pool_2, uniq_urug
Lair:5:   gammafunk_lair_ancient_temple, layout_long_grid, slime_entry_1,
          portal_ice_cave_rime, nicolae_lair_lil_pond, lemuel_fruit_tree
Swamp:1:  layout_basic_swamp, serial_swamp_ruin, evilmike_swamp_ruin_house_2,
          evilmike_swamp_ruin_house_4, evilmike_swamp_ruin_rubble_2,
          swamp_pool_5, uniq_frances
Swamp:2:  layout_falls_marsh, nicolae_swamp_godswood, swamp_pool_1_2,
          nicolae_swamp_decorative_isthmus, nicolae_swamp_tree_isthmus
Swamp:3:  layout_basic_swamp, evilmike_swamp_ruin_house_6
Swamp:4:  swamp_basic_johnstein, layout_basic_swamp, infiniplex_staircase_pool
Snake:1:  layout_chambers, minmay_shop_star, uniq_mlioglotl, uniq_asterion
Snake:2:  layout_concentric_octagons, serial_shops, shop,
          hangedman_snake_sidewinding
Snake:3:  layout_grid_shapes, serial_shops, shop, basic_altar
Snake:4:  grunt_snake_rune_pools, layout_layer_cave, serial_shops,
          shop_fountains, st_stairs_14
Slime:1:  layout_caves
Slime:2:  layout_caves, nicolae_slime_rock_hall_of_fame
Slime:3:  layout_caves, dissolution_awaits
Slime:4:  layout_caves
Slime:5:  slime_pit
Orc:1:    layout_caves
Orc:2:    st_orc_elflike, layout_caves, serial_shops, shop, basic_altar
Vaults:1: hangedman_vaults_snaps, v_misc_19, nicolae_vaults_octothorpe,
          hangedman_vaults_restitches, v_pattern_1,
          nicolae_vaults_taking_the_gang_shopping, vaults_dpeg_hooks,
          layout_vaults_quadrants
Vaults:2: nicolae_vaults_gold_heap, nicolae_vaults_double_plus_2,
          nicolae_vaults_oval_intersection, nicolae_vaults_network_s,
          nicolae_vaults_little_squares_6, minmay_crypt_entry_simple_round,
          st_eye, nicolae_vaults_house_2, vaults_room_door_hall, v_misc_26,
          nicolae_vaults_little_squares_2, nicolae_vaults_house_3,
          vaults_dpeg_emergency_exit, hangedman_vaults_stretched_pinwheel,
          nicolae_vaults_surprise_closet, ontoclasm_vaults_claustrophobia,
          nicolae_vaults_yaktaur_gun_rack, layout_vaults_omnibox, serial_shops,
          bzr_entry_road, uniq_mennas
Vaults:3: portal_desolation_entry_salt, nicolae_vaults_more_shelving_2,
          nicolae_vaults_angled_halls, nicolae_vaults_tetromino_Z_1,
          nicolae_vaults_trapezoid_lopsided_3, nicolae_vaults_little_squares_1,
          nicolae_vaults_big_angled_halls, nicolae_vaults_two_Ls,
          nicolae_vaults_trapezoid_layered, nicolae_vaults_tangram_1,
          vaults_room_large_hall, nicolae_vaults_little_guard_posts, v_misc_30,
          nicolae_vaults_trapezoid_lopsided_3, grunt_vaults_hallway_long,
          nicolae_vaults_weapon_check, layout_vaults_big_cross, serial_shops,
          shop
Vaults:4: nicolae_vaults_theta, nicolae_vaults_sealed_display,
          vaults_dpeg_encased_lava, nicolae_vaults_storage_closets_2,
          ontoclasm_vaults_fault, nicolae_vaults_wine_cellar, v_alt_pattern_1,
          v_misc_18, grunt_vaults_bifocal, nicolae_vaults_tetromino_T_2,
          vaults_dpeg_doors, ontoclasm_vaults_chip, layout_vaults_maze
Depths:1: layout_cave_pools, enter_ziggurat_b, minmay_hedge_maze,
          grunt_pan_entry_in_and_out, hangedman_geh_valley, serial_glass,
          glass_columns_c, glass_columns_b, glass_columns_a, glass_columns_c,
          glass_columns_c, glass_columns_c, glass_columns_c, glass_columns_b,
          glass_columns_b, glass_columns_c, glass_columns_b, glass_columns_a,
          glass_columns_b, glass_columns_b, minmay_crystal_box

Table legend: (Time is in decaauts)
 A = Elapsed time spent in this place.
 B = Non-inter-level travel time spent in this place.
 C = Inter-level travel time spent in this place.
 D = Time resting spent in this place.
 E = Time spent auto-exploring this place.
 F = Levels seen in this place.
 G = Mean time per level.
                   A        B        C        D        E       F      G
               +--------+--------+--------+--------+--------+-----+--------+
         Total |  49915 |  46716 |   3199 |   9342 |  26085 |  45 | 1109.2 |
       Dungeon |  13243 |  12199 |   1044 |   1213 |   7904 |  15 |  882.9 |
          Lair |   8680 |   7773 |    907 |   1706 |   4228 |   5 | 1736.0 |
         Swamp |   3995 |   3838 |    157 |    779 |   2158 |   4 |  998.8 |
     Snake Pit |   7527 |   6901 |    626 |   1564 |   3769 |   4 | 1881.8 |
    Slime Pits |   4863 |   4738 |    125 |   2147 |   1664 |   5 |  972.6 |
  Orcish Mines |   1875 |   1743 |    132 |    316 |   1085 |   2 |  937.5 |
        Vaults |   7354 |   7153 |    201 |    961 |   4757 |   4 | 1838.5 |
        Depths |    397 |    393 |      4 |    212 |     86 |   1 |  397.0 |
        Bazaar |    166 |    166 |      0 |      0 |     42 |   1 |  166.0 |
        Bailey |    280 |    280 |      0 |     15 |    146 |   1 |  280.0 |
      Ice Cave |    868 |    868 |      0 |    343 |    199 |   1 |  868.0 |
    Desolation |    354 |    354 |      0 |     55 |     16 |   1 |  354.0 |
      Gauntlet |    307 |    307 |      0 |     29 |     29 |   1 |  307.0 |
               +--------+--------+--------+--------+--------+-----+--------+

Top non-repeatable levels by time:
  Lair:4: 2986 daAuts
 Snake:2: 2684 daAuts
 Slime:4: 2250 daAuts
Vaults:2: 2037 daAuts
Vaults:3: 1899 daAuts
Vaults:1: 1847 daAuts
 Snake:1: 1762 daAuts
  Lair:2: 1738 daAuts
  Lair:5: 1713 daAuts
 Snake:4: 1669 daAuts
Vaults:4: 1569 daAuts
    D:13: 1452 daAuts
 Swamp:2: 1435 daAuts
 Snake:3: 1410 daAuts
  Lair:3: 1199 daAuts

Table legend:
 A = Kills in this place as a percentage of kills in the entire game.
 B = Kills by you in this place as a percentage of kills by you in the entire game.
 C = Kills by friends in this place as a percentage of kills by friends in the entire game.
 D = Other kills in this place as a percentage of other kills in the entire game.
 E = Experience gained in this place as a percentage of experience gained in the entire game.
 F = Experience gained in this place divided by the number of levels of this place that you have seen.
                   A       B       C       D       E      F
               +-------+-------+-------+-------+-------+----------------------
         Total | 100.0 | 100.0 | 100.0 | 100.0 | 100.0 | 14603.9
       Dungeon |  26.6 |  27.6 |   9.3 |   0.0 |   9.7 | 4238.4
          Lair |  15.5 |  14.7 |  30.7 |  25.0 |  12.6 | 16594.0
         Swamp |   8.9 |   9.4 |   0.0 |   0.0 |  12.1 | 19826.0
     Snake Pit |  11.9 |  12.2 |   6.7 |   0.0 |  15.6 | 25550.0
    Slime Pits |   7.7 |   6.2 |  34.7 |  25.0 |  14.4 | 18940.2
  Orcish Mines |   5.6 |   5.7 |   4.0 |   0.0 |   2.0 | 6656.5
        Vaults |  15.0 |  15.8 |   0.0 |   0.0 |  25.5 | 41852.8
        Depths |   1.0 |   0.9 |   2.7 |  25.0 |   1.9 | 12201.0
        Bailey |   1.1 |   1.0 |   4.0 |   0.0 |   0.2 | 1094.0
      Ice Cave |   2.0 |   1.8 |   6.7 |   0.0 |   1.0 | 6625.0
    Desolation |   3.7 |   3.7 |   1.3 |  25.0 |   4.5 | 29401.0
      Gauntlet |   1.0 |   1.0 |   0.0 |   0.0 |   0.7 | 4380.0
               +-------+-------+-------+-------+-------+----------------------
